 Dungeon Crawl Stone Soup version 0.28.0-1-gb440e238dd (webtiles) character file.

Game seed: 5961847874563204377

11 serioussanchez the Ruffian (level 2, 0/23 HPs)
             Began as a Draconian Transmuter on Feb 24, 2022.
             Succumbed to an adder's poison
             ... on level 2 of the Dungeon.
             The game lasted 00:01:37 (554 turns).

serioussanchez the Ruffian (Draconian Transmuter)    Turns: 554, Time: 00:01:38

Health: 0/23       AC:  4    Str: 11 (12) XL:     2   Next: 13%
Magic:  4/5        EV: 12    Int: 11 (13) God:
Gold:   17         SH:  0    Dex:  9 (11) Spells: 4/5 levels left

rFire   . . .      SeeInvis .     - Unarmed
rCold   . . .      Faith    .   (no shield)
rNeg    . . .      Spirit   .   (armour unavailable)
rPois   .          Reflect  .   (helmet currently unavailable)
rElec   .          Harm     .   (no cloak)
rCorr   .          Rampage  .   (no gloves)
Will    .....                   (boots currently unavailable)
Stlth   +.........              (no amulet)
HPRegen 0.07/turn               (no ring)
MPRegen 0.09/turn               (no ring)

@: lethally poisoned (0 -> -7), appendages (expiring)
A: horns 2, talons 2, AC +4, unfitting armour, cold-blooded
a: End Transformation


You were on level 2 of the Dungeon.
You had temporarily grown beastly horns and talons.
You visited 1 branch of the dungeon, and saw 2 of its levels.

You collected 17 gold pieces.

Inventory:

Scrolls
 a - 2 scrolls of enchant weapon {unknown}


   Skills:
 + Level 1.1 Fighting
 + Level 1.8 Dodging
 * Level 3.4 Unarmed Combat
 + Level 2.2 Spellcasting
 + Level 2.0 Transmutations


You had 4 spell levels left.
You knew the following spells:

 Your Spells              Type           Power      Damage    Failure   Level
a - Beastly Appendage     Tmut           10%        N/A       12%         1

Your spell library contained the following spells:

 Spells                   Type           Power      Damage    Failure   Level
 Wereblood                Tmut           5%         N/A       19%         2
 Spider Form              Tmut/Pois      3%         N/A       50%         3
 Ice Form                 Ice/Tmut       3%         N/A       88%         4


Dungeon Overview and Level Annotations

Branches:
Dungeon (1/15)

Altars:


Innate Abilities, Weirdness & Mutations

You have temporarily grown beastly horns and talons.
Your plain brown scales are hard. (AC +4)
You cannot fit into any form of body armour.
You are cold-blooded and may be slowed by cold attacks.


Message History

You feel sick. The adder barely misses you.
You barely miss the adder.
The adder is heavily wounded.
You feel sick. The adder barely misses you. x2
You barely miss the adder. You claw the adder.
The adder is almost dead.
You feel sick. The adder barely misses you.
It was a potion of degeneration.
There was something very wrong with that liquid.
You feel weakened.
You feel dopey.
You feel clumsy.
You feel sick. The adder closely misses you.
Casting: Beastly Appendage (safe; 12% risk of failure)
Confirm with . or Enter, or press ? or * to list all spells.
You extend your transformation's duration.
You feel sick. The adder bites you.
* * * LOW HITPOINT WARNING * * *
The adder closely misses you.
You hit the adder but do no damage. Your kick misses the adder.
Your tail-slap misses the adder.
The adder is almost dead.
You feel sick. The adder completely misses you.
You miss the adder. Your kick misses the adder. Your headbutt misses the adder.
Your tail-slap misses the adder.
The adder is almost dead.
You feel sick.
You are no longer poisoned.
The adder closely misses you.
You barely miss the adder.
The adder is almost dead.
The adder bites you but does no damage.
You hit the adder. Your kick misses the adder.
The adder is almost dead.
Your transformation is almost over.
The adder bites you.
* * * LOW HITPOINT WARNING * * *
You are lethally poisoned!
The adder poisons you!
You closely miss the adder.
The adder is almost dead.
You die...

#.##.##.#.#.#.##' ..
#.##.....#.##.
.###########..#####.#.##.
.........................
#....######..####.#.##+
###....)............#.#..
........######..###.#.#..
....###.#######.###.#.#..
... #.@S....#..##.#.#.. .
#.......##.##.#.#..
#.......##..#.#.#..
#.#########.#.#.#.. #.#
#...#.'.. #.# ##..###..
#.# #.>..... #.
#############
#............


You could see an adder.

Vanquished Creatures
  A dart slug (D:2)
  A goblin (D:2)
  3 hobgoblins (D:2)
  A ball python (D:2)
  A bat (D:2)
  2 kobolds (D:2)
9 creatures vanquished.

Notes
Turn   | Place    | Note
-------+----------+-------------------------------------------
     0 | D:1      | serioussanchez the Draconian Transmuter began the quest for
                  | the Orb.
     0 | D:1      | Reached XP level 1. HP: 16/16 MP: 3/3
    96 | D:1      | You fall into a shaft and drop 1 floor!
   323 | D:2      | Reached XP level 2. HP: 21/23 MP: 3/5
   554 | D:2      | Succumbed to an adder's poison

Illustrated notes

Levels and vault maps discovered:
D:1:      dpeg_arrival_arbitrary_c, layout_basic, serial_shops, shop,
          nicolae_shop_behind_doors, chequers_serial_rivers_micro_e,
          minmay_misc_feat_cross
D:2:      layout_basic, basic_altar

Action                   || total
-------------------------++-------
Melee: Unarmed           ||    36
       Kick              ||     7
       Headbutt          ||     3
       Tailslap          ||     1
 Cast: Beastly Appendage ||     9
  Use: Potion            ||     1
Armor: Skin              ||     4
Dodge: Dodged            ||    28
